 Dungeon Sprint DCSS version 0.29.1-12-g30fa7ad0bf (webtiles) character file.

Game seed: 10554932221022856514

1519 Groucho the Unseen (level 8, 0/36 HPs)
             Began as a Spriggan Enchanter on Dec 26, 2022.
             Was an Initiate of Dithmenos.
             Shot with a bolt by a yaktaur (26 damage)
             ... in the Dungeon (Sprint II: "The Violet Keep of Menkaure").
             The game lasted 00:05:02 (1011 turns).

Groucho the Unseen (Spriggan Enchanter)             Turns: 1011, Time: 00:05:03

Health: 0/36       AC:  2    Str:  6    XL:     8   Next: 54%
Magic:  19/24      EV: 17    Int: 17    God:    Dithmenos [......]
Gold:   540        SH:  0    Dex: 15    Spells: 18/29 levels left

rFire   . . .      SeeInvis +   a - +1 dagger
rCold   . . .      Faith    .   (no shield)
rNeg    . . .      Spirit   .   b - +0 robe
rPois   .          Reflect  .   (helmet restricted)
rElec   .          Harm     .   (no cloak)
rCorr   .          Rampage  .   (gloves unavailable)
Will    +....      NoTele   +   (boots unavailable)
Stlth   ++++++....              (no amulet)
HPRegen 0.12/turn               (no ring)
MPRegen 0.19/turn               (no ring)

@: invisible (expiring), very quick
A: very small, no large weapons, unfitting armour, see invisible, speed 3
a: Renounce Religion


You were in the Dungeon.
You worshipped Dithmenos.
Dithmenos was noncommittal.
You visited 1 branch You collected 972 gold pieces.
You spent 432 gold pieces at shops.

Inventory:

Hand Weapons
 a - a +1 dagger (weapon)
Armour
 b - a +0 robe (worn)
Scrolls
 i - a scroll of blinking
Potions
 d - a potion of curing
 f - 2 potions of flight
 g - 2 potions of magic


   Skills:
 - Level 10.0 Short Blades
 - Level 2.6 Dodging
 - Level 16.0 Stealth
 + Level 11.2 Spellcasting
 * Level 2.2 Conjurations
 + Level 11.3 Hexes
 * Level 3.0 Earth Magic


You had 18 spell levels left.
You knew the following spells:

 Your Spells              Type           Power      Damage    Failure   Level
a - Ensorcelled Hibernat  Hex/Ice        56%        N/A       1%          2
b - Confusing Touch       Hex            47%        N/A       1%          3
c - Dazzling Flash        Conj/Hex       64%        N/A       1%          3
d - Stone Arrow           Conj/Erth      36%        3d9       8%          3

Your spell library contained the following spells:

 Spells                   Type           Power      Damage    Failure   Level
 Tukima's Dance           Hex            47%        N/A       1%          3
 Animate Armour           Summ/Erth      28%        N/A       38%         4
 Lehudib's Crystal Spear  Conj/Erth      9%         10d4      100%        8


Dungeon Overview and Level Annotations

Branches:
Dungeon (1/1)

Altars:
Cheibriados
Dithmenos
Elyvilon
Fedhas
Gozag
Hepliaklqana
Kikubaaqudgha
Makhleb
Nemelex Xobeh
Okawaru
Qazlal
Ru
Sif Muna
Trog
Uskayaw
Vehumet
Wu Jian
Xom
Yredelemnul
Zin
The Shining One
Jiyva
Lugonu

Shops:
D ?:::[!*:[=!((!=

Annotations:
D exclusions: obsidian statue and oklob plant


Innate Abilities, Weirdness & Mutations

You are very small and have problems with some larger weapons.
You are too small for most types of armour.
You have supernaturally acute eyesight. (SInv)
You cover ground extremely quickly. (Speed+++)


Message History

You skewer the polar bear like a kebab!!!
The polar bear is almost dead.
You hit the polar bear.
The polar bear is almost dead.
The polar bear misses you.
The polar bear completely misses you. x2
You hit the polar bear.
The polar bear is almost dead.
You barely miss the polar bear.
The polar bear is almost dead.
The polar bear closely misses you. The polar bear barely misses you.
The polar bear misses you.
The yaktaur wields a +0 arbalest.
The yaktaur shoots a bolt.
The bolt hits the polar bear!!
You barely miss the polar bear.
The polar bear is almost dead.
You hit the polar bear.
You kill the polar bear!
Dithmenos accepts your kill.
Your Spellcasting skill increases to level 11!
Your Conjurations skill increases to level 1!
Your Hexes skill increases to level 11!
Your Earth Magic skill gained 2 levels and is now at level 2!
Unknown command.
You strike the helpless polar bear from behind!
You stick the polar bear like a pincushion!!!
You kill the polar bear!
Dithmenos accepts your kill.
Training target 10.0 for Short Blades reached!
Your Short Blades skill increases to level 10!
Your Conjurations skill increases to level 2!
Your Earth Magic skill increases to level 3!
Unknown command.
Casting: Confusing Touch (safe; 1% risk of failure)
Confirm with . or Enter, or press ? or * to list all spells.
Aiming: Ensorcelled Hibernation (safe; 1% risk of failure)
Press: ? - help, Shift-Dir - straight line, f - yaktaur
Aim: a yaktaur, wielding a +0 arbalest (unable to see you, chance to affect: 41%)
The yaktaur resists with some effort.
The yaktaur shoots a bolt.
The bolt hits you!!
Ouch! That really hurt!
You die...

.. +# .. #. .###.####
+.### #..# ...# ...####
#.####..## #..##h# ?["
'###.##..# +..#..#▓?)!(?
.##.#.#..# #^.#.c#▓!?$)?!
<.'###'..####..##†#▓$[[$??
.##.#.#....###..@##▓▓▓▓▓▓▓
'###.##......~~~~~~~~~~~~~
).####~~.....~#'########+#
#..#~~~~§§§..~#_._._...#§§
..##~§~~~§§§.~#._._._._#~§
+##~~§§≈≈§§§~~#_._._._.#~~
~~~~~§§§≈§§§~~#._._._._#~§
#+++#~§§§≈≈§≈~#.._._._.#~§
≈≈ ##≈≈§###≈≈#..._._._#~S


You could see a polar bear (wandering, unable to see you) and a yaktaur (unable
to see you).

Vanquished Creatures
  A merfolk siren (D)
  2 polar bears (D)
  2 wyverns (D)
  Menkaure (D)
  4 necrophages (D)
  4 scorpions (D)
14 creatures vanquished.

Vanquished Creatures (others)
  A water moccasin (D)
1 creature vanquished.

Grand Total: 15 creatures vanquished

Notes
Turn   | Place    | Note
-------+----------+-------------------------------------------
     0 | D        | Groucho the Spriggan Enchanter began the quest for the Orb.
     0 | D        | Reached XP level 1. HP: 9/9 MP: 5/5
     3 | D        | Noticed a necrophage
     3 | D        | Noticed a necrophage
     3 | D        | Noticed a necrophage
     3 | D        | Noticed a necrophage
    16 | D        | Killed a necrophage
    17 | D        | Reached skill level 8 in Stealth
    17 | D        | Reached skill level 5 in Hexes
    17 | D        | Reached XP level 2. HP: 13/13 MP: 5/8
    17 | D        | Reached XP level 3. HP: 16/16 MP: 6/10
    18 | D        | Killed a necrophage
    19 | D        | Reached skill level 10 in Stealth
    19 | D        | Reached skill level 5 in Spellcasting
    19 | D        | Reached XP level 4. HP: 21/21 MP: 6/12
    21 | D        | Killed a necrophage
    22 | D        | Reached skill level 5 in Short Blades
    22 | D        | Reached skill level 11 in Stealth
    22 | D        | Reached XP level 5. HP: 24/24 MP: 6/14
    26 | D        | Reached skill level 12 in Stealth
    63 | D        | Learned a level 2 spell: Ensorcelled Hibernation
    67 | D        | Learned a level 3 spell: Confusing Touch
    71 | D        | Learned a level 3 spell: Dazzling Flash
   194 | D        | Reached skill level 13 in Stealth
   194 | D        | Reached XP level 6. HP: 28/28 MP: 14/17
   197 | D        | Reached skill level 14 in Stealth
   462 | D        | Noticed a merfolk siren
   465 | D        | Killed a merfolk siren
   466 | D        | Reached skill level 16 in Stealth
   466 | D        | Reached XP level 7. HP: 32/32 MP: 17/21
   472 | D        | Noticed an obsidian statue
   481 | D        | Noticed a wyvern
   481 | D        | Noticed a wyvern
   484 | D        | Killed a wyvern
   485 | D        | Reached skill level 10 in Spellcasting
   485 | D        | Reached skill level 10 in Hexes
   487 | D        | Killed a wyvern
   488 | D        | Reached XP level 8. HP: 36/36 MP: 19/23
   501 | D        | Found Lualiy's Jewellery Emporium.
   501 | D        | Found Osugoir's Antique Weapon Shoppe.
   501 | D        | Found Feiteok's Distillery.
   501 | D        | Found Zaav's Distillery.
   502 | D        | Found Ysof's Antique Weapon Emporium.
   502 | D        | Found Fuczosi's Antique Armour Emporium.
   502 | D        | Found Iwnuf's Book Shoppe.
   503 | D        | Found Atsos's Distillery.
   503 | D        | Found Besyzubrimi's Jewellery Emporium.
   503 | D        | Found Nechoil's Assorted Antiques.
   503 | D        | Found Foatonup's Antique Armour Shoppe.
   503 | D        | Noticed Menkaure
   528 | D        | Killed Menkaure
   530 | D        | Found Xorusmit's Book Shoppe.
   530 | D        | Found Ylueq's Book Emporium.
   530 | D        | Noticed an oklob plant
   531 | D        | Found Sofusekui's Magic Scroll Shoppe.
   531 | D        | Found Dablujy's Book Shoppe.
   536 | D        | Noticed a cane toad
   538 | D        | Noticed a cane toad
   904 | D        | Bought a book of Armaments for 360 gold pieces
   935 | D        | Bought a potion of flight for 36 gold pieces
   935 | D        | Bought a potion of flight for 36 gold pieces
   965 | D        | Learned a level 3 spell: Stone Arrow
   971 | D        | Found an iron altar of Okawaru.
   971 | D        | Found an opulent altar of Gozag.
   972 | D        | Found a sparkling altar of Nemelex Xobeh.
   972 | D        | Found a blossoming altar of Fedhas.
   973 | D        | Found a radiant altar of Vehumet.
   973 | D        | Found a burning altar of Makhleb.
   973 | D        | Found a white marble altar of Elyvilon.
   975 | D        | Found a hide-covered altar of Uskayaw.
   975 | D        | Found a corrupted altar of Lugonu.
   975 | D        | Found a shadowy altar of Dithmenos.
   976 | D        | Found a glowing silver altar of Zin.
   976 | D        | Found a bloodstained altar of Trog.
   976 | D        | Found an ancient bone altar of Kikubaaqudgha.
   978 | D        | Found a basalt altar of Yredelemnul.
   978 | D        | Found a shimmering blue altar of Sif Muna.
   978 | D        | Found a viscous altar of Jiyva.
   979 | D        | Found a shimmering altar of Xom.
   979 | D        | Found a sacrificial altar of Ru.
   981 | D        | Found a glowing golden altar of the Shining One.
   981 | D        | Found an ornate altar of the Wu Jian Council.
   981 | D        | Found a stormy altar of Qazlal.
   981 | D        | Found a snail-covered altar of Cheibriados.
   981 | D        | Found a hazy altar of Hepliaklqana.
   981 | D        | Noticed a hornet
   981 | D        | Noticed a polar bear
   982 | D        | Noticed a yaktaur
   988 | D        | Became a worshipper of Dithmenos the Shadowed
   998 | D        | Noticed a polar bear
   998 | D        | Noticed a polar bear
  1009 | D        | Killed a polar bear
  1010 | D        | Reached skill level 1 in Conjurations
  1010 | D        | Killed a polar bear
  1011 | D        | Reached skill level 10 in Short Blades
  1011 | D        | Shot with a bolt by a yaktaur

Illustrated notes

Levels and vault maps discovered:
D:        the_violet_keep_of_menkaure [sprint2_stairs_cluster_1,
          sprint2_shoproom, sprint2_temple, sprint2_basic_supplies,
          sprint2_obstacle_3, sprint2_obstacle_6, sprint2_obstacle_1,
          sprint2_obstacle_4, sprint2_obstacle_7, sprint2_timed_cluster_1,
          sprint2_smallroom_cluster_1, sprint2_smallroom_final_cluster_1,
          sprint2_transparent_cluster_1, sprint2_second_timed_cluster_1,
          sprint2_sniper_area_1, sprint2_heavy_combat_area_1,
          sprint2_mutation_trap_area_1, sprint2_forest_area_1,
          sprint2_light_combat_area_1, sprint2_behind_water_1,
          sprint2_near_end_vault_1]

Skill      XL: |  1  2  3  4  5  6  7  8 |
---------------+-------------------------+-----
Short Blades   | 3 4 5 6 8 9 10 | 10.0
Stealth        | 8 10 11 13 16 | 16.0
Spellcasting   | 4 5 6 7 9 10 11 | 11.2
Hexes          | 5 6 7 9 10 11 | 11.3
Conjurations   | 2 |  2.2
Earth Magic    | 3 |  3.0
Dodging        | |  2.6

Action                   |  1- 3 |  4- 6 |  7- 9 || total
-------------------------+-------+-------+-------++-------
Melee: Dagger            |    10 |    11 |    14 ||    35
 Cast: Ensorcelled Hiber |       |     3 |     1 ||     4
       Confusing Touch   |       |       |     2 ||     2
  Use: Potion            |     3 |       |     2 ||     5
 Stab: Sleeping          |     1 |     5 |     2 ||     8
       Invisible         |     1 |     1 |     3 ||     5
       Confused          |       |       |     1 ||     1
Dodge: Dodged            |     7 |     3 |    14 ||    24
